 Dungeon Crawl Stone Soup version 0.27-a0-1525-g1038ab4 (webtiles) character file.

Game seed: 3149441246302298137

9 Think the Shield-Bearer (level 2, 0/21 HPs)
             Began as an Octopode Fighter on July 10, 2021.
             Slain by a gnoll (7 damage)
             ... on level 1 of the Dungeon.
             The game lasted 00:01:03 (328 turns).

Think the Shield-Bearer (Octopode Fighter)           Turns: 328, Time: 00:01:04

Health: 0/21       AC:  1    Str: 15    XL:     2   Next: 12%
Magic:  2/2        EV: 11    Int: 10    God:
Gold:   33         SH:  8    Dex: 11    Spells: 1/1 levels left

rFire    . . .     SeeInvis .   a - +0 rapier
rCold    . . .     Faith    .   b - +0 kite shield
rNeg     . . .     Spirit   .   (helmet restricted)
rPois    .         Reflect  .   (no amulet)
rElec    .         Harm     .   (no ring)
rCorr    .         Rampage  .   (no ring)
Will     .....                  (no ring)
Stlth    ++........             (no ring)
HPRegen  0.07/turn              (no ring)
MPRegen  0.08/turn              (no ring)
                                (no ring)
                                (no ring)

@: mighty
A: almost no armour, amphibious, 8 rings, camouflage 1, gelatinous body 1,
(nimble swimmer 1), tentacles
a: no special abilities


You were on level 1 of the Dungeon.
You visited 1 branch of the dungeon, and saw 1 of its levels.

You collected 33 gold pieces.

Inventory:

Hand Weapons
 a - a +0 rapier (weapon)
Armour
 b - a +0 kite shield (worn)
Potions
 d - a potion of curing {unknown}


   Skills:
 - Level 3.0 Fighting
 * Level 2.5 Short Blades
 - Level 3.0 Dodging
 + Level 3.2 Shields


You had one spell level left.
You didn't know any spells.
Your spell library was empty.

Dungeon Overview and Level Annotations

Branches:
Dungeon (1/15)

Altars:

Shops:
D:1 [


Innate Abilities, Weirdness & Mutations

You cannot wear most types of armour.
You are amphibious.
You can wear up to eight rings at the same time.
Your skin changes colour to match your surroundings (Stealth+).
Your rubbery body absorbs attacks. (AC +1, EV +1)
((You are camouflaged near water. (Stealth+)))
You have tentacles for arms and can constrict up to eight enemies at once.


Message History

No target in view!
No target in view!
No target in view!
No target in view!
d - a golden potion You open the door.
Found a stone staircase leading down.
A giant cockroach comes into view.
There is an open door here.
A giant cockroach is nearby!
A giant cockroach is nearby!
The helpless giant cockroach fails to defend itself.
You hit the giant cockroach. Your grab misses the giant cockroach.
You squeeze the giant cockroach, but do no damage.
The giant cockroach is severely wounded.
The giant cockroach bites you.
You puncture the giant cockroach!
You kill the giant cockroach!
Found a club.
A gnoll comes into view. It is wielding a +0 flail.
A gnoll is nearby!
A gnoll is nearby!
A gnoll is nearby!
The gnoll shouts!
You hit the gnoll. Your grab misses the gnoll. You squeeze the gnoll.
The gnoll is heavily wounded.
You block the gnoll's attack. x2
You hit the gnoll. Your grab misses the gnoll.
The gnoll is severely wounded.
The gnoll hits you with a +0 flail.
Your shield prevents you from hitting the gnoll.
Your grab misses the gnoll.
The gnoll is severely wounded.
The gnoll hits you with a +0 flail!
Ouch! That really hurt!
You are too injured to fight recklessly!
You are too injured to fight recklessly!
You feel very mighty all of a sudden. The gnoll hits you with a +0 flail!
You die...

.....+
+...>.#######
.....#
##.....##
.....#
#.......#
.....#
#.......#
.....#
#.).....#
.....#
#.......#
######
#...$...# .
#.......# .
#.....@.# .
#.....g.# .
.........# .
...#######
... P.


You could see a gnoll.

Vanquished Creatures
  2 bats (D:1)
  A giant cockroach (D:1)
  A goblin (D:1)
  A quokka (D:1)
  A ball python (D:1)
  A frilled lizard (D:1)
  A kobold (D:1)
8 creatures vanquished.

Notes
Turn   | Place    | Note
-------+----------+-------------------------------------------
     0 | D:1      | Think the Octopode Fighter began the quest for the Orb.
     0 | D:1      | Reached XP level 1. HP: 16/16 MP: 1/1
   151 | D:1      | Found Ykeacrih's Antique Armour Emporium.
   263 | D:1      | Reached XP level 2. HP: 21/21 MP: 2/2
   328 | D:1      | Slain by a gnoll

Illustrated notes

Levels and vault maps discovered:
D:1:      mrwooster_arrival_statue, layout_basic, serial_shops, shop,
          dreamdust_ecumenical_altar_sealed_demon

Action                   || total
-------------------------++-------
Melee: Rapier            ||    17
       Constrict         ||     3
       Tentacles         ||     4
  Use: Potion            ||     1
 Stab: Sleeping          ||     2
Armor: Skin              ||     4
Dodge: Dodged            ||     4
Block: Kite shield       ||    10

Table legend: (Time is in decaauts)
 A = Elapsed time spent in this place.
 B = Non-inter-level travel time spent in this place.
 C = Inter-level travel time spent in this place.
 D = Time resting spent in this place.
 E = Time spent auto-exploring this place.
 F = Levels seen in this place.
 G = Mean time per level.
                   A        B        C        D        E       F      G
               +--------+--------+--------+--------+--------+-----+--------+
         Total |    333 |    333 |      0 |      0 |    274 |   1 |  333.0 |
       Dungeon |    333 |    333 |      0 |      0 |    274 |   1 |  333.0 |
               +--------+--------+--------+--------+--------+-----+--------+

Top non-repeatable levels by time:
     D:1: 333 daAuts
